 Dungeon Crawl Stone Soup version 0.21.0-3-g78d12a8 (webtiles) character file.

492 MTVSty1e the Chopper (level 6, -19/51 HPs)
             Began as a Draconian Berserker on Jan 11, 2018.
             Was a Believer of Trog.
             Demolished by Menkaure (25 damage)
             ... on level 4 of the Dungeon.
             The game lasted 00:07:43 (3872 turns).

MTVSty1e the Chopper (Draconian Berserker)          Turns: 3872, Time: 00:07:45

Health: -19/51     AC: 11    Str: 21    XL:     6   Next: 91%
Magic:  6/6        EV: 12    Int:  8    God:    Trog [**....]
Gold:   204        SH:  0    Dex: 10    Spells: 5/5 levels left

rFire    + . .     SeeInvis .   a - +0 hand axe
rCold    . . .     Gourm    .   (no shield)
rNeg     . . .     Faith    .   (armour unavailable)
rPois    .         Spirit   .   (helmet restricted)
rElec    .         Reflect  .   (no cloak)
rCorr    .         Harm     .   (no gloves)
MR       ++...                  (no boots)
Stlth    +.........             (no amulet)
HPRegen  1.17/turn              c - +5 ring of protection
MPRegen  0.10/turn              h - ring of protection from fire

@: regenerating, hasted, very quick
A: unfitting armour, cold-blooded, AC +6
a: Berserk, Trog's Hand, Burn Spellbooks, Renounce Religion


You were on level 4 of the Dungeon.
You worshipped Trog.
Trog was pleased with you.
You were not hungry.

You visited 1 branch of the dungeon, and saw 4 of its levels.

You collected 204 gold pieces.

Inventory:

Hand Weapons
 a - a +0 hand axe (weapon)
Jewellery
 c - a +5 ring of protection (left hand)
 h - a ring of protection from fire (right hand)
Wands
 m - a wand of random effects (29)
Scrolls
 e - 4 scrolls of remove curse {unknown}
 f - 2 scrolls of teleportation {unknown}
 k - 5 scrolls of identify {unknown}
 o - a scroll of enchant weapon {unknown}
Potions
 g - 2 potions of ambrosia {unknown}
 i - 2 potions of flight {unknown}
 l - a potion of heal wounds {unknown}
 n - a potion of resistance {unknown}
 p - a potion of degeneration {unknown}
Comestibles
 b - 5 rations


   Skills:
 - Level 3.2 Fighting
 * Level 7.9 Axes
 - Level 2.6 Dodging


You had 5 spell levels left.
You didn't know any spells.

Dungeon Overview and Level Annotations

Branches:
Dungeon (4/15)
 Temple: D:4-7

Altars:
Elyvilon
Hepliaklqana

Annotations:
D:4 Menkaure


Innate Abilities, Weirdness & Mutations

Your plain brown scales are hard. (AC +6)
You cannot fit into any form of body armour.
You are cold-blooded and may be slowed by cold attacks.


Message History

Menkaure is moderately damaged.
You recover from your berserk rage.
You hit Menkaure but do no damage.
Menkaure is moderately damaged.
Menkaure calls on the powers of darkness!
Your body is wracked with pain!
The orc convulses!
You hit Menkaure.
Menkaure is heavily damaged.
Menkaure hits you!!
* * * LOW HITPOINT WARNING * * *
You feel yourself speed up. Menkaure barely misses you.
You hit Menkaure but do no damage.
Menkaure is heavily damaged.
You feel the effects of Trog's Hand fading.
You hit Menkaure but do no damage. You tail-slap Menkaure.
Menkaure is severely damaged.
You barely miss Menkaure.
Menkaure is severely damaged.
Menkaure hits you!!
You die...

#......#.# #......#.#
#......#.# #......#.#
###....#.. #....... #
#.......
#...##############....#.
.....oM@................
#######################.
#. ## #### #... #...
#... ##..


You could see Menkaure and an orc.

Vanquished Creatures
  The ghost of inmateoo the Vexing, an amateur FeEn (D:4)
  An orc wizard (D:4)
  Natasha (thrice) (D:2)
  A worker ant (D:2)
  Terence (D:2)
  Robin (D:2)
  4 gnolls (D:3)
  5 adders
  3 oozes
  2 worms (D:2)
  5 leopard geckos
  2 orcs (D:4)
  A giant cockroach (D:2)
  19 goblins
  10 hobgoblins
  4 jackals (D:2)
  7 kobolds
  A quokka (D:1)
  3 ball pythons
  7 bats
  A frilled lizard (D:2)
  8 rats
  A fungus (D:3)
91 creatures vanquished.

Notes
Turn   | Place    | Note
-------+----------+-------------------------------------------
     0 | D:1      | MTVSty1e the Draconian Berserker began the quest for the Orb.
     0 | D:1      | Reached XP level 1. HP: 19/19 MP: 1/1
   211 | D:1      | Reached XP level 2. HP: 21/26 MP: 2/2
   752 | D:1      | Reached skill level 4 in Axes
   945 | D:1      | HP: 1/26 [poisoned by a worker ant]
  1304 | D:2      | Noticed Terence
  1314 | D:2      | Killed Terence
  1314 | D:2      | Reached XP level 3. HP: 25/31 MP: 3/3
  1538 | D:2      | Reached ** piety under Trog
  1566 | D:2      | Reached XP level 4. HP: 30/38 MP: 4/4
  1651 | D:2      | Noticed Natasha
  1656 | D:2      | Killed Natasha
  1656 | D:2      | Reached skill level 5 in Axes
  1660 | D:2      | Found a hazy altar of Hepliaklqana.
  1664 | D:2      | Noticed Natasha
  1668 | D:2      | Killed Natasha
  1718 | D:2      | Noticed Robin
  1734 | D:2      | Killed Robin
  1734 | D:2      | Reached XP level 5. HP: 32/45 MP: 5/5
  1890 | D:2      | Noticed Natasha
  1906 | D:2      | Killed Natasha
  1906 | D:2      | Reached skill level 6 in Axes
  2851 | D:3      | Found a white marble altar of Elyvilon.
  3149 | D:3      | Reached XP level 6. HP: 43/51 MP: 6/6
  3470 | D:3      | Reached skill level 7 in Axes
  3674 | D:4      | Reached *** piety under Trog
  3824 | D:4      | Noticed inmateoo's ghost (amateur FeEn)
  3839 | D:4      | Killed inmateoo's ghost
  3859 | D:4      | Noticed Menkaure
  3872 | D:4      | Demolished by Menkaure

Skill      XL: |  1  2  3  4  5  6 |
---------------+-------------------+-----
Axes           | 4 5 6 7 |  7.9
Fighting       | |  3.2
Dodging        | |  2.6

Action                   |  1- 3 |  4- 6 || total
-------------------------+-------+-------++-------
Melee: Hand axe          |   116 |   208 ||   324
       Tailslap          |    10 |    28 ||    38
Invok: Berserk           |       |     2 ||     2
       Trog's Hand       |       |     1 ||     1
  Use: Potion            |     2 |     1 ||     3
 Stab: Sleeping          |       |     1 ||     1
  Eat: Ration            |     1 |     2 ||     3
       Chunk             |       |     3 ||     3
Armor: Skin              |    23 |    84 ||   107
Dodge: Dodged            |    68 |   102 ||   170
